 Dungeon Crawl Stone Soup version 0.30-a0-122-g2a1322497e (webtiles) character file.

Game seed: 8959898358559573482

212 IdlyInterested the Conjurer (level 5, -3/39 HPs)
             Began as a Demonspawn Wanderer on Sept 16, 2022.
             Slain by an iguana (12 damage)
             ... on level 4 of the Dungeon.
             The game lasted 00:09:00 (4017 turns).

IdlyInterested the Conjurer (Demonspawn Wanderer)   Turns: 4017, Time: 00:09:00

Health: -3/39      AC:  5    Str: 11    XL:     5   Next: 58%
Magic:  9/9        EV: 10    Int: 14    God:
Gold:   214        SH:  0    Dex: 15    Spells: 9/10 levels left

rFire   . . .      SeeInvis .    a - +2 hand axe
rCold   . . .      Faith    .    (no shield)
rNeg    . . .      Spirit   .    o - +0 leather armour
rPois   .          Reflect  .    y - +0 helmet
rElec   .          Harm     .    b - +0 cloak
rCorr   .          Rampage  .    (no gloves)
Will    +....                    (no boots)
Stlth   ++........               (no amulet)
HPRegen 0.13/turn                w - ring of willpower
MPRegen 0.11/turn                (no ring)

@: no status effects
A: demonic guardian 2, weakness stinger 2
a: no special abilities


You were on level 4 of the Dungeon.
You visited 1 branch of the dungeon, and saw 4 of its levels.

You collected 214 gold pieces.

Inventory:

Hand Weapons
 a - a +2 hand axe (weapon)
 e - a +0 war axe
 f - a +0 whip
 h - a +0 dagger
 k - a +0 short sword
 m - a +0 dagger of venom
 n - a +0 trident
Missiles
 q - 20 poisoned darts
Armour
 b - a +0 cloak (worn)
 o - a +0 leather armour (worn)
 y - a +0 helmet (worn)
Magical Staves
 l - a staff of death
Jewellery
 v - a ring of ice
 w - a ring of willpower (left hand)
Wands
 j - a wand of flame (42)
Scrolls
 d - a scroll of vulnerability {unknown}
 g - a scroll of poison
 r - a scroll of magic mapping {unknown}
 t - 3 scrolls of identify
Potions
 c - a potion of attraction
 i - a potion of brilliance
 p - a potion of magic
 s - a potion of curing
 u - a potion of lignification {unknown}
 x - 2 potions of haste {unknown}
 z - a potion of degeneration {unknown}


   Skills:
 + Level 2.5 Fighting
 - Level 2.6 Axes
 - Level 1.0 Throwing
 - Level 1.0 Armour
 * Level 2.5 Stealth
 - Level 3.0 Spellcasting
 + Level 3.1 Conjurations
 + Level 0.1 Necromancy
 - Level 1.0 Fire Magic
 - Level 1.0 Evocations


You had 9 spell levels left.
You knew the following spells:

 Your Spells              Type           Power      Damage    Failure   Level
a - Foxfire               Conj/Fire      28%        2x1d5     12%         1

Your spell library contained the following spells:

 Spells                   Type           Power      Damage    Failure   Level
 Stone Arrow              Conj/Erth      12%        3d7       41%         3


Dungeon Overview and Level Annotations

Branches:
Dungeon (4/15)
 Temple: D:4-7

Altars:
Fedhas
Gozag


Innate Abilities, Weirdness & Mutations

A demonic guardian rushes to your aid.
You have a tail ending in a sharp stinger.


Message History

The adder hisses angrily.
You open the large door. You hit the adder.
The adder is heavily wounded.
The adder closely misses you.
You closely miss the adder.
Your tail-slap misses the adder.
The adder is heavily wounded.
The adder barely misses you. The adder bites you.
You are poisoned.
The adder poisons you!
You hit the adder.
The adder is almost dead.
You feel sick. The adder bites you but does no damage.
You hit the adder.
You kill the adder!
You feel sick.
You feel sick.
You are no longer poisoned.
There is a large open translucent door here.
You see here an adder corpse.
An iguana comes into view.
Found a blossoming altar of Fedhas.
The iguana hisses angrily.
You hit the iguana. You tail-slap the iguana.
The iguana is moderately wounded.
The iguana bites you!
You slash the iguana!
The iguana is severely wounded.
The iguana bites you! The iguana closely misses you.
You closely miss the iguana.
The iguana is severely wounded.
The iguana bites you!
* * * LOW HITPOINT WARNING * * *
You hit the iguana.
The iguana is severely wounded.
The iguana barely misses you.
You hit the iguana.
Your tail-slap misses the iguana.
The iguana is almost dead.
The iguana bites you!
You die...

.##...#####.# #..............#.
.####.......# #..............#.
.####†#####.# #..............#.
.........##.#####..............#.
.#####.#..#....##..####........#.
.# #.#............###.########.
.# #.#..########....#.#######..
## #...##......##.............#
#...#..#..#@.#..#.....##..##
##..# #..#l.#..#..##....... ##.#
#..#..#....########## #.#
#..#.⌠#†#############
#.####'†####..............
#...8#..#8...#.###########
#...+....'...#.# #...8####8.....#
#.....).......##


You could see an iguana.

Vanquished Creatures
  A black bear (D:4)
  3 adders
  3 ufetubi (D:4)
  2 worms (D:2)
  A dart slug (D:1)
  An orc (D:4)
  9 endoplasms
  4 giant cockroaches
  8 goblins
  4 hobgoblins
  2 jackals (D:2)
  6 kobolds
  4 quokkas
  4 ball pythons
  5 bats
  A frilled lizard (D:1)
  3 rats
61 creatures vanquished.

Vanquished Creatures (collateral kills)
  An endoplasm (D:1)
  A giant cockroach (D:2)
  A jackal (D:2)
  A ball python (D:2)
  A frilled lizard (D:1)
5 creatures vanquished.

Vanquished Creatures (others)
  46 foxfires
46 creatures vanquished.

Grand Total: 112 creatures vanquished

Notes
Turn   | Place    | Note
-------+----------+-------------------------------------------
     0 | D:1      | IdlyInterested the Demonspawn Wanderer began the quest for
                  | the Orb.
     0 | D:1      | IdlyInterested set off with the following items: a +2 hand
                  | axe, a +0 cloak, a potion of attraction, a +0 robe; and the
                  | following spell memorised: Foxfire; and the following
                  | spells available to memorise: Stone Arrow.
     0 | D:1      | Reached XP level 1. HP: 15/15 MP: 3/3
   338 | D:1      | Gained mutation: A weak demonic guardian rushes to your
                  | aid. [demonic ancestry]
   338 | D:1      | Reached XP level 2. HP: 20/21 MP: 3/5
  1176 | D:1      | Reached skill level 1 in Evocations
  1446 | D:2      | HP: 1/21 [worm (9)]
  1448 | D:2      | Discovered your monstrous ancestry.
  1448 | D:2      | Gained mutation: You have a small tail. [demonic ancestry]
  1448 | D:2      | Reached XP level 3. HP: 2/26 MP: 3/6
  2104 | D:2      | Found a faded altar of an unknown god.
  2397 | D:2      | You fall into a shaft and drop 2 floors!
  2540 | D:3      | Gained mutation: A demonic guardian rushes to your aid.
                  | [demonic ancestry]
  2540 | D:3      | Reached XP level 4. HP: 33/33 MP: 8/8
  2878 | D:3      | Found an opulent altar of Gozag.
  3510 | D:4      | Reached skill level 1 in Throwing
  3657 | D:4      | Noticed a black bear
  3676 | D:4      | Killed a black bear
  3677 | D:4      | Reached skill level 1 in Fire Magic
  3677 | D:4      | Gained mutation: You have a tail ending in a sharp stinger.
                  | [demonic ancestry]
  3677 | D:4      | Reached XP level 5. HP: 31/39 MP: 7/9
  3866 | D:4      | Found a large runed translucent door.
  3867 | D:4      | Found a large runed translucent door.
  4011 | D:4      | Found a blossoming altar of Fedhas.
  4017 | D:4      | Slain by an iguana

Illustrated notes

Levels and vault maps discovered:
D:1:      eino_arrival_tree_alley, layout_basic
D:2:      layout_loops_cross, dreamdust_ecumenical_altar_angels_and_demons,
          basic_altar
D:3:      layout_loops_corners, mainiacjoe_overflow_surrounded_room
D:4:      layout_rooms, jmf_multi_god_temple2

Skill      XL: |  1  2  3  4 |
---------------+-------------+-----
Evocations     | 1 |  1.0
Spellcasting   | 3 |  3.0
Fighting       | 2 |  2.5
Throwing       | 1 |  1.0
Stealth        | 2 |  2.5
Conjurations   | 3 |  3.1
Fire Magic     | 1 |  1.0
Axes           | |  2.6
Armour         | |  1.0
Necromancy     | |  0.1

Action                   |  1- 3 |  4- 6 || total
-------------------------+-------+-------++-------
Melee: Hand axe          |    79 |    58 ||   137
       Tailslap          |     3 |     7 ||    10
       Dagger            |       |     3 ||     3
 Cast: Foxfire           |    18 |     8 ||    26
  Use: Scroll            |     5 |       ||     5
       Potion            |     1 |     2 ||     3
 Stab: Sleeping          |     6 |       ||     6
Armor: Robe              |     9 |       ||     9
       Leather armour    |    11 |    35 ||    46
Dodge: Dodged            |    40 |    47 ||    87

Table legend: (Time is in decaauts)
 A = Elapsed time spent in this place.
 B = Non-inter-level travel time spent in this place.
 C = Inter-level travel time spent in this place.
 D = Time resting spent in this place.
 E = Time spent auto-exploring this place.
 F = Levels seen in this place.
 G = Mean time per level.
                   A        B        C        D        E       F      G
               +--------+--------+--------+--------+--------+-----+--------+
         Total |   4039 |   3811 |    228 |    572 |   2531 |   4 | 1009.8 |
       Dungeon |   4039 |   3811 |    228 |    572 |   2531 |   4 | 1009.8 |
               +--------+--------+--------+--------+--------+-----+--------+

Top non-repeatable levels by time:
     D:1: 1474 daAuts
     D:3: 941 daAuts
     D:2: 935 daAuts
     D:4: 688 daAuts
